 Dungeon Crawl Stone Soup version 0.26-a0-683-g5206c1d7ac (console) character file.

Game seed: 4838079913990441958

166 Morrissey the Distorting Demonspawn (level 5, -12/41 HPs)
             Began as a Demonspawn Abyssal Knight on Oct 22, 2020.
             Was a Believer of Lugonu.
             Killed by divine providence
             ... invoked by an orc priest
              (15 damage)
             ... on level 3 of the Dungeon.
             The game lasted 00:05:53 (4390 turns).

Morrissey the Distorting Demonspawn (DsAK)          Turns: 4390, Time: 00:05:54

Health: -12/41     AC:  3    Str:  9    XL:     5   Next: 22%
Magic:  7/7        EV: 12    Int: 13    God:    Lugonu [**....]
Gold:   186        SH:  0    Dex: 13    Spells: 4/4 levels left

rFire    + . .     SeeInvis .   a - +1 spear
rCold    . . .     Faith    .   (no shield)
rNeg     . . .     Spirit   .   b - +0 leather armour
rPois    .         Reflect  .   (no helmet)
rElec    .         Harm     .   (no cloak)
rCorr    .         Rampage  .   (no gloves)
MR       .....                  (no boots)
Stlth    +.........             (no amulet)
HPRegen  0.13/turn              l - -4 ring of strength (curse)
MPRegen  0.10/turn              (no ring)

@: no status effects
A: fire resistance 1
a: Depart the Abyss, Bend Space, Renounce Religion


You were on level 3 of the Dungeon.
You worshipped Lugonu.
Lugonu was pleased with you.
You visited 1 branch of the dungeon, and saw 3 of its levels.
You visited the Abyss 1 time.

You collected 186 gold pieces.

Inventory:

Hand Weapons
 a - a +1 spear (weapon)
Armour
 b - a +0 leather armour (worn)
Jewellery
 l - a cursed -4 ring of strength (left hand)
Wands
 n - a wand of flame (17)
Scrolls
 c - a scroll of amnesia
 d - a scroll of identify
 e - a scroll of random uselessness
 h - a scroll of teleportation
 q - a scroll of fog {unknown}
Potions
 f - a potion of might
 g - 2 potions of haste {unknown}
 i - 3 potions of curing {unknown}
 j - a potion of heal wounds {unknown}
 k - a potion of ambrosia {unknown}
 m - a potion of magic {unknown}
 o - a potion of lignification {unknown}
 p - a potion of berserk rage {unknown}


   Skills:
 + Level 3.5 Fighting
 * Level 3.2 Polearms
 + Level 2.5 Armour
 + Level 1.9 Dodging
 + Level 3.8 Invocations


You had 4 spell levels left.
You didn't know any spells.
Your spell library was empty.

Dungeon Overview and Level Annotations

Branches:
Dungeon (3/15)

Altars:
Trog


Innate Abilities, Weirdness & Mutations

Your flesh is heat resistant. (rF+)


Message History

The orc priest closely misses you.
You hit the orc priest.
The orc priest is moderately wounded.
The orc priest hits you with a +0 whip.
* * * LOW HITPOINT WARNING * * *
You hit the orc priest but do no damage.
The orc priest is moderately wounded.
The orc priest barely misses you.
You closely miss the orc priest.
The orc priest is moderately wounded.
The orc priest hits you with a +0 whip.
* * * LOW HITPOINT WARNING * * *
You hit the orc priest.
The orc priest is severely wounded.
The orc priest barely misses you.
You hit the orc priest.
The orc priest is almost dead.
The orc priest calls down the wrath of Beogh upon you.
Beogh smites you!
You die...

#......#.######
.......#.###....(.#
#......# #.##.#.#
......# #.##.#.#
.....# #.##.#.....
....#.###.##.###.##
.$.#........#<#.#
#o#######.#.#)# #
#@##..........#
#.##.....#.÷###.#
#####.##............#
#.....##.....#..######
#.######.....#.>......
#.# #.....#########
#.# #.....# #.÷ #.#
###...# #)# #.# #...#
#.#


You could see an orc priest.

Vanquished Creatures
  Ijyb (D:2)
  4 adders
  3 oozes
  3 worms
  A dart slug (D:1)
  A leopard gecko (D:1)
  4 orcs (D:3)
  A ball python (D:3)
  5 bats
  14 goblins
  9 hobgoblins
  13 jackals
  A quokka (D:3)
  4 frilled lizards
  4 kobolds
  7 rats
75 creatures vanquished.

Notes
Turn   | Place    | Note
-------+----------+-------------------------------------------
     0 | Abyss:1  | Morrissey the Demonspawn Abyssal Knight began the quest for
                  | the Orb.
     0 | Abyss:1  | Reached XP level 1. HP: 18/18 MP: 2/2
    37 | Abyss:1  | Found a corrupted altar of Lugonu.
    90 | Abyss:1  | Noticed a wretched star
    91 | D:1      | Escaped the Abyss
   135 | D:1      | Reached skill level 1 in Dodging
   209 | D:1      | Reached * piety under Lugonu
   284 | D:1      | Gained mutation: Your flesh is heat resistant. (rF+)
                  | [demonic ancestry]
   284 | D:1      | Reached XP level 2. HP: 17/24 MP: 4/4
  1313 | D:2      | Reached XP level 3. HP: 29/29 MP: 5/5
  1432 | D:2      | Reached ** piety under Lugonu
  2289 | D:2      | Reached XP level 4. HP: 28/35 MP: 6/6
  2695 | D:2      | HP: 1/35 [goblin/exploding inner flame[the player
                  | character] (22)]
  3313 | D:3      | Noticed Ijyb
  3347 | D:2      | Killed Ijyb
  3807 | D:3      | Reached XP level 5. HP: 40/41 MP: 7/7
  4309 | D:3      | Found a bloodstained altar of Trog.
  4388 | D:3      | HP: 2/41 [orc priest/+0 whip (2)]
  4390 | D:3      | Killed from afar by an orc priest

Illustrated notes

Levels and vault maps discovered:
D:1:      minmay_arrival_nine_rooms, layout_rooms, minmay_pentomino_z4
D:2:      cheibrodos_greedy_goblins, layout_rooms
D:3:      layout_basic, trog_three_pillars_becter, uniq_ijyb

Skill      XL: |  1  2  3  4 |
---------------+-------------+-----
Dodging        | 1 |  1.9
Polearms       | 2 3 |  3.2
Armour         | 2 |  2.5
Invocations    | 3 |  3.8
Fighting       | |  3.5

Action                   |  1- 3 |  4- 6 || total
-------------------------+-------+-------++-------
Melee: Spear             |   209 |   190 ||   399
Invok: Depart the Abyss  |     1 |       ||     1
       Bend Space        |     1 |       ||     1
  Use: Scroll            |     4 |     3 ||     7
       Potion            |       |     1 ||     1
Armor: Leather armour    |    53 |    43 ||    96
Dodge: Dodged            |   116 |   100 ||   216

Table legend: (Time is in decaauts)
 A = Elapsed time spent in this place.
 B = Non-inter-level travel time spent in this place.
 C = Inter-level travel time spent in this place.
 D = Time resting spent in this place.
 E = Time spent auto-exploring this place.
 F = Levels seen in this place.
 G = Mean time per level.
                   A        B        C        D        E       F      G
               +--------+--------+--------+--------+--------+-----+--------+
         Total |   4378 |   4309 |     69 |   1866 |   1795 |   4 | 1094.5 |
       Dungeon |   4287 |   4218 |     69 |   1866 |   1708 |   3 | 1429.0 |
         Abyss |     91 |     91 |      0 |      0 |     87 |   1 |   91.0 |
               +--------+--------+--------+--------+--------+-----+--------+

Top non-repeatable levels by time:
     D:2: 2292 daAuts
     D:1: 1199 daAuts
     D:3: 796 daAuts
 Abyss:1: 91 daAuts
